 Dungeon Crawl Stone Soup version 0.29.1-13-g9f3cf754e1 (webtiles) character file.

Game seed: 1791130689589547842

7611 DemonSlayer the Thaumaturge (level 10, 0/67 HPs)
             Began as a Demonspawn Earth Elementalist on Feb 3, 2023.
             Was a Believer of Cheibriados.
             Slain by a yak (5 damage)
             ... on level 1 of the Lair of Beasts.
             The game lasted 00:27:30 (10721 turns).

DemonSlayer the Thaumaturge (DsEE)                 Turns: 10721, Time: 00:27:31

Health: 0/67       AC:  5    Str: 23    XL:     10   Next: 98%
Magic:  3/24       EV: 14    Int: 22    God:    Cheibriados [**....]
Gold:   281        SH:  0    Dex: 19    Spells: 9/29 levels left

rFire   . . .      SeeInvis +   D - +0 bardiche
rCold   . . .      Faith    .   (shield currently unavailable)
rNeg    . . .      Spirit   .   z - +0 steam dragon scales
rPois   .          Reflect  .   (helmet restricted)
rElec   .          Harm     .   (no cloak)
rCorr   .          Rampage  .   (no gloves)
Will    .....                   (no boots)
Stlth   +++.......              j - amulet of regeneration
HPRegen 1.01/turn               e - ring of see invisible
MPRegen 0.19/turn               C - +6 ring of strength

@: very slow
A: antennae 1, claws 2, foul stench 1, spiny 1, weakness stinger 2
a: Renounce Religion, Bend Time


You were on level 1 of the Lair of Beasts.
You worshipped Cheibriados.
Cheibriados was pleased with you.
You visited 3 branches of the dungeon, and saw 10 of its levels.

You collected 526 gold pieces.
You spent 245 gold pieces at shops.

Inventory:

Hand Weapons
 c - a +4 dagger of protection
 D - a +0 bardiche (weapon)
Missiles
 a - 7 curare-tipped darts
Armour
 z - +0 steam dragon scales (worn)
Jewellery
 b - a ring of fire
 e - a ring of see invisible (left claw)
 g - a ring of ice
 j - an amulet of regeneration (around neck)
 C - a +6 ring of strength (right claw)
Wands
 p - a wand of flame (23)
 t - a wand of iceblast (8)
 v - a wand of paralysis (11)
 y - a wand of digging (6)
 B - a wand of polymorph (7)
Scrolls
 d - 2 scrolls of poison
 l - 4 scrolls of immolation
 m - 2 scrolls of vulnerability
 n - 5 scrolls of teleportation
 o - 2 scrolls of enchant armour
 q - 2 scrolls of blinking {unknown}
 u - a scroll of silence
 w - a scroll of noise {unknown}
 E - a scroll of fog
Potions
 f - a potion of heal wounds
 h - 2 potions of attraction
 i - 4 potions of curing
 k - a potion of flight
 r - 2 potions of resistance
 s - 3 potions of cancellation
 x - a potion of might {unknown}
 A - a potion of haste {unknown}


   Skills:
 + Level 2.2 Fighting
 + Level 1.9 Short Blades
 + Level 0.2 Polearms
 + Level 3.6 Dodging
 + Level 3.9 Stealth
 + Level 10.1 Spellcasting
 + Level 5.9 Conjurations
 + Level 0.8 Transmutations
 + Level 9.5 Earth Magic
 + Level 0.1 Evocations


You had 9 spell levels left.
You knew the following spells:

 Your Spells              Type           Power      Damage    Failure   Level
a - Sandblast             Erth           100%       2d20      1%          1
b - Stone Arrow           Conj/Erth      90%        3d12      1%          3
c - Petrify               Tmut/Erth      34%        N/A       7%          4
d - Passwall              Tmut/Erth      28%        N/A       1%          2
e - Mephitic Cloud        Conj/Pois/Air  19%        N/A       8%          3
f - Ignite Poison         Fire/Tmut/Pois 12%        N/A       16%         3
g - Cause Fear            Hex            5%         N/A       52%         4

Your spell library contained the following spells:

 Spells                   Type           Power      Damage    Failure   Level
 Shock                    Conj/Air       96%        1d9       1%          1
 Beastly Appendage        Tmut           28%        N/A       4%          1
 Wereblood                Tmut           14%        N/A       6%          2
 Ensorcelled Hibernation  Hex/Ice        22%        N/A       9%          2
 Scorch                   Fire           22%        2d6       9%          2
 Spider Form              Tmut/Pois      13%        N/A       16%         3
 Flame Wave               Conj/Fire      24%        2d8       17%         4
 Inner Flame              Hex/Fire       11%        N/A       19%         3
 Ozocubu's Armour         Ice            11%        N/A       19%         3
 Swiftness                Air            11%        N/A       19%         3
 Airstrike                Air            5%         2d(1-17)  52%         4
 Anguish                  Hex/Necr       5%         N/A       52%         4
 Freezing Cloud           Conj/Ice/Air   9%         6-21      58%         5
 Metabolic Englaciation   Hex/Ice        5%         N/A       86%         5
 Simulacrum               Ice/Necr       5%         N/A       100%        6
 Summon Cactus Giant      Summ           5%         N/A       100%        6
 Malign Gateway           Summ/Tloc      5%         N/A       100%        7
 Discord                  Hex            5%         N/A       100%        8
 Summon Horrible Things   Summ           5%         N/A       100%        8


Dungeon Overview and Level Annotations

Branches:
Dungeon (8/15)             Temple (1/1) D:7            Lair (1/5) D:8

Altars:
Ashenzari
Cheibriados
Fedhas
Gozag
Kikubaaqudgha
Makhleb
Okawaru
Qazlal
Ru
Sif Muna
Trog
Uskayaw
Vehumet
Wu Jian
Xom
Yredelemnul

Shops:
D:1 (   D:8 (


Innate Abilities, Weirdness & Mutations

You have a pair of small antennae on your head.
You have very sharp fingernails.
You may rarely emit foul miasma when damaged in melee.
You are partially covered in sharp spines.
You have a tail ending in a sharp stinger.


Message History

The yak is moderately wounded.
The stone arrow hits the yak!!
The yak is almost dead.
You slash the yak!
You kill the yak!
Cheibriados thoroughly appreciates the change of pace.
The stone arrow hits the yak!!
The yak is heavily wounded.
The stone arrow hits the yak!!
You kill the yak!
Cheibriados appreciates the change of pace.
You reach to attack!
You barely miss the yak. The yak barely misses you.
The yak bellows!
You slash the yak! You tail-slap the yak.
The yak is heavily wounded.
The yak is struck by your spines. The yak gores you! The yak barely misses you.
The yak gores you.
The stone arrow hits the yak!!
You kill the yak!
Cheibriados thoroughly appreciates the change of pace.
The yak gores you but does no damage.
You don't have enough magic to cast this spell.
You closely miss the yak. The yak gores you!
You emit a cloud of foul miasma!
The yak is struck by your spines. The yak closely misses you.
The yak is engulfed in dark miasma.
The yak is poisoned.
The yak seems to slow down.
The yak misses you. The yak gores you!
You barely miss the yak.
The yak is lightly wounded.
The yak is struck by your spines. The yak completely misses you.
The yak is engulfed in dark miasma.
The yak looks even sicker.
The yak barely misses you.
You barely miss the yak.
Your tail-slap misses the yak.
The yak is lightly wounded.
The yak gores you!
* * * LOW HITPOINT WARNING * * *
The yak gores you!
* * * LOW HITPOINT WARNING * * *
The yak is engulfed in dark miasma.
The yak looks even sicker.
The yak gores you.
You die...

...##............##...##.......#.
Y. ##..........####.###.......#.
. P........#.#.#............##.
...Y..>.......#..............
...>.Y...†.#...........#..#..
Y.......##............##.....
........###...#......########
..##.##.# ##YY###....# ##. . .P.
### ##@.##.....# ##.. .....###
#....##....# ##... ...
..#.P###..###....## #.... ...
..........###.....###....
....................#....
#..........##............
#.......#..##............
##.###.P##..##...##......#
#................#.....P.#


You could see 2 yaks.

Vanquished Creatures
  A two-headed ogre (D:7)
  Pikel (D:8)
  A manticore (D:7)
  A cane toad (Lair:1)
  5 blink frogs (Lair:1)
  4 yaks (Lair:1)
  A wraith (D:8)
  A steam dragon (D:7)
  3 wargs (D:8)
  8 water moccasins
  2 black bears
  2 orc warriors (D:7)
  A sky beast (D:7)
  An ogre (D:6)
  A centaur (D:8)
  4 lemures (D:8)
  6 kobold brigands
  A phantom (D:5)
  A necrophage (D:7)
  A bullfrog (D:8)
  7 scorpions
  A killer bee (D:7)
  A howler monkey (D:5)
  5 jellies
  5 orc priests
  2 gnoll boudas
  4 hounds
  3 iguanas
  11 orc wizards
  13 gnolls
  14 adders
  2 shadow imps
  2 white imps
  A worm (D:2)
  3 dart slugs
  38 orcs
  5 endoplasms
  A giant cockroach (D:2)
  6 goblins
  3 hobgoblins
  6 jackals
  2 quokkas
  15 ball pythons
  4 bats
  2 frilled lizards (D:1)
  35 kobolds
  5 rats
242 creatures vanquished.

Vanquished Creatures (others)
  A fungus (Lair:1)
  A plant (D:4)
2 creatures vanquished.

Grand Total: 244 creatures vanquished

Notes
Turn   | Place    | Note
-------+----------+-------------------------------------------
     0 | D:1      | DemonSlayer the Demonspawn Earth Elementalist began the
                  | quest for the Orb.
     0 | D:1      | Reached XP level 1. HP: 13/13 MP: 3/3
   236 | D:1      | Discovered your monstrous ancestry.
   236 | D:1      | Gained mutation: You have a small tail. [demonic ancestry]
   236 | D:1      | Reached XP level 2. HP: 19/19 MP: 0/5
   892 | D:1      | Found Orghaahu's Weapon Shoppe.
  1052 | D:1      | Reached XP level 3. HP: 24/24 MP: 4/6
  1176 | D:1      | You fall into a shaft and drop 1 floor!
  1235 | D:2      | Found a faded altar of an unknown god.
  1651 | D:2      | Learned a level 3 spell: Stone Arrow
  1725 | D:3      | Reached skill level 3 in Spellcasting
  2002 | D:3      | Gained mutation: You are partially covered in sharp spines.
                  | [demonic ancestry]
  2002 | D:3      | Reached XP level 4. HP: 30/30 MP: 6/8
  2076 | D:3      | Noticed a scorpion
  2242 | D:3      | Found an ornate altar of the Wu Jian Council.
  2377 | D:3      | Killed a scorpion
  2378 | D:3      | Reached XP level 5. HP: 12/35 MP: 4/10
  2538 | D:3      | Reached skill level 4 in Spellcasting
  2718 | D:3      | Gained mutation: You have sharp fingernails. [demonic
                  | ancestry]
  2718 | D:3      | Reached XP level 6. HP: 40/41 MP: 10/12
  2775 | D:3      | Learned a level 4 spell: Petrify
  2778 | D:3      | Learned a level 2 spell: Passwall
  3841 | D:5      | Entered Level 5 of the Dungeon
  3937 | D:5      | Reached skill level 5 in Spellcasting
  3937 | D:5      | Reached skill level 5 in Earth Magic
  3937 | D:5      | Gained mutation: You may rarely emit foul miasma when
                  | damaged in melee. [demonic ancestry]
  3937 | D:5      | Reached XP level 7. HP: 29/47 MP: 6/14
  4140 | D:5      | Found a stormy altar of Qazlal.
  4198 | D:5      | Reached skill level 1 in Short Blades
  4787 | D:5      | Reached skill level 6 in Spellcasting
  5111 | D:6      | Gained mutation: You have a tail ending in a sharp stinger.
                  | [demonic ancestry]
  5111 | D:6      | Reached XP level 8. HP: 40/53 MP: 12/17
  5882 | D:6      | Found a shimmering blue altar of Sif Muna.
  5953 | D:6      | Found an ancient bone altar of Kikubaaqudgha.
  6023 | D:7      | Reached skill level 7 in Spellcasting
  6124 | D:7      | Noticed a manticore
  6130 | D:7      | Killed a manticore
  6131 | D:7      | Reached skill level 1 in Conjurations
  6304 | D:7      | Gained mutation: You have very sharp fingernails. [demonic
                  | ancestry]
  6304 | D:7      | Reached XP level 9. HP: 52/58 MP: 10/20
  6532 | D:7      | Noticed a two-headed ogre
  6536 | D:7      | Reached skill level 8 in Spellcasting
  6540 | D:7      | Killed a two-headed ogre
  6541 | D:7      | Reached skill level 1 in Fighting
  7142 | D:7      | Found a staircase to the Ecumenical Temple.
  7195 | Temple   | Entered the Ecumenical Temple
  7298 | Temple   | Became a worshipper of Cheibriados the Contemplative
  7544 | D:7      | Found a bloodstained altar of Trog.
  8143 | D:8      | Reached * piety under Cheibriados
  8151 | D:8      | Gained mutation: You have a pair of small antennae on your
                  | head. [demonic ancestry]
  8151 | D:8      | Reached XP level 10. HP: 59/67 MP: 3/22
  8636 | D:8      | Reached skill level 9 in Spellcasting
  8706 | D:8      | Found a staircase to the Lair.
  8877 | D:8      | Found Ypnaiz's Antique Weapon Boutique.
  8900 | D:8      | Reached ** piety under Cheibriados
  9027 | D:8      | Bought a smoking dagger for 245 gold pieces
  9027 | D:8      | Identified the +5 dagger "Sexzym" {freeze, *Noise rC+
                  | Int+4} (You bought it in a shop on level 8 of the Dungeon)
  9521 | D:8      | Noticed Pikel
  9531 | D:8      | Killed Pikel
  9532 | D:8      | Reached skill level 5 in Conjurations
  9652 | D:8      | Learned a level 3 spell: Mephitic Cloud
  9656 | D:8      | Learned a level 3 spell: Ignite Poison
  9661 | D:8      | Learned a level 4 spell: Cause Fear
  9698 | Lair:1   | Entered Level 1 of the Lair of Beasts
  9698 | Lair:1   | Noticed a cane toad
  9973 | Lair:1   | Killed a cane toad
 10708 | Lair:1   | Reached skill level 10 in Spellcasting
 10721 | Lair:1   | Slain by a yak

Illustrated notes

Levels and vault maps discovered:
D:1:      scummos_arrival_hexagon, layout_loops_cross, serial_shops,
          nicolae_shop_waterfront, grunt_decor_junction,
          minmay_misc_feat_encased, minmay_misc_feat_diagonals,
          minmay_misc_feat_ornament
D:2:      layout_rooms, hellmonk_ecumenical_altar_blasted
D:3:      layout_basic, mainiacjoe_overflow_brackets, serial_glass,
          glass_columns_a, glass_columns_a, minmay_snake_closets
D:4:      layout_basic, corner_web_ring, minmay_misc_feat_doors,
          chequers_big_river, grunt_ministairs_8, dreamdust_gnoll_farm
D:5:      layout_loops_ring, mainiacjoe_overflow_cross_hatched,
          serial_co_window_serial, co_window_corner_a, co_window_corner_a,
          co_window_cross_1, co_window_paths_b, co_window_corner_a,
          co_window_of_opportunity_a, co_window_corner_b,
          co_window_of_opportunity_b, co_window_of_opportunity_c,
          co_window_broadway_a, co_window_2corner, glass_columns_a,
          glass_columns_a, glass_columns_b, glass_columns_c, glass_columns_b
D:6:      layout_basic, mainiacjoe_overflow_two_lobes
D:7:      cheibrodos_barr_body, layout_loops_ring,
          nicolae_overflow_hidden_temple, temple_pool_b, grunt_ministairs_14
D:8:      layout_rooms, erik_lair_orcish_takeover, serial_shops,
          nicolae_shop_statue_plus, amcnicky_mini_corridor_feature,
          nicolae_concentric_dashed_squares_wild, uniq_pikel
Temple:   nicolae_temple_godzebo
Lair:1:   layout_gridlike

Skill      XL: |  1  2  3  4  5  6  7  8  9 10 |
---------------+-------------------------------+-----
Dodging        | 2 3 |  3.6
Earth Magic    | 3 4 5 6 8 9 |  9.5
Spellcasting   | 3 4 5 6 7 8 10 | 10.1
Stealth        | 2 3 |  3.9
Short Blades   | 1 |  1.9
Conjurations   | 2 4 5 |  5.9
Fighting       | 1 2 |  2.2
Polearms       | |  0.2
Transmutations | |  0.8
Evocations     | |  0.1

Action                   |  1- 3 |  4- 6 |  7- 9 | 10-12 || total
-------------------------+-------+-------+-------+-------++-------
Melee: Dagger            |    16 |    14 |    38 |    12 ||    80
       Punch             |     1 |     1 |       |       ||     2
       Tailslap          |     1 |     1 |     5 |     4 ||    11
       Bardiche          |       |       |       |     9 ||     9
 Cast: Sandblast         |    54 |    69 |    78 |       ||   201
       Stone Arrow       |       |     1 |    82 |    87 ||   170
Evoke: Wand              |       |       |     1 |       ||     1
  Use: Potion            |       |     5 |     1 |     2 ||     8
       Scroll            |       |    16 |     3 |       ||    19
 Stab: Sleeping          |     2 |     4 |     4 |       ||    10
Armor: Robe              |     4 |     5 |    10 |       ||    19
       Steam dragon scal |       |       |     8 |    10 ||    18
Dodge: Dodged            |    26 |    41 |    57 |    28 ||   152
